 Dungeon Crawl Stone Soup version 0.31-a0-361-g0f8bd3a31e (webtiles) character file.

Game seed: 17784306788608657379

74 AdnanSaban the Covered (level 4, 0/29 HPs)
             Began as a Gargoyle Fighter on July 27, 2023.
             Slain by a quokka (3 damage)
             ... on level 4 of the Dungeon.
             The game lasted 00:02:19 (1975 turns).

AdnanSaban the Covered (Gargoyle Fighter)           Turns: 1975, Time: 00:02:20

Health: 0/29       AC: 15    Str: 22    XL:     4   Next: 30%
Magic:  4/4        EV:  6    Int:  8    God:
Gold:   118        SH:  4    Dex:  9    Spells: 3/3 levels left

rFire   . . .        a - +0 flail
rCold   . . .        c - +0 buckler
rNeg    + . .        r - +0 plate armour
rPois   ∞            (no helmet)
rElec   +            (no cloak)
rCorr   .            (no gloves)
SInv    .            (no boots)
Will    +....        (no amulet) Stlth
                     h - ring of willpower
HPRegen 0.24/turn    (no ring)
MPRegen 0.09/turn

%: no passive effects
@: no status effects
A: sickness immunity, AC +3, negative energy resistance 1, electricity
resistance, torment resistance 1, petrification resistance
a: no special abilities


You were on level 4 of the Dungeon.
You visited 1 branch of the dungeon, and saw 4 of its levels.

You collected 118 gold pieces.

Inventory:

Hand Weapons
 a - a +0 flail (weapon)
Missiles
 b - a throwing net
 j - 7 javelins
 m - 4 poisoned darts (quivered)
Armour
 c - a +0 buckler (worn)
 r - a +0 plate armour (worn)
Jewellery
 h - a ring of willpower (left hand)
Wands
 o - a wand of polymorph (7)
Scrolls
 e - 2 scrolls of teleportation {unknown}
 f - a scroll of brand weapon {unknown}
 i - a scroll of revelation {unknown}
 k - a scroll of amnesia {unknown}
 l - 2 scrolls of identify {unknown}
 n - a scroll of blinking {unknown}
 p - a scroll of enchant weapon {unknown}
 q - a scroll of acquirement {unknown}
Potions
 d - a potion of might
 g - a potion of magic {unknown}


   Skills:
 + Level 3.7 Fighting
 + Level 2.9 Maces & Flails
 + Level 4.0 Armour
 + Level 0.3 Dodging
 + Level 3.8 Shields


You had 3 spell levels left.
You didn't know any spells.
Your spell library contained the following spells:

 Spells                   Type           Power      Damage    Failure   Level
 Ensorcelled Hibernation  Hex/Ice        0%         N/A       100%        2
 Inner Flame              Hex/Fire       0%         N/A       100%        3
 Anguish                  Hex/Necr       0%         N/A       100%        4
 Yara's Violent Unravell  Hex/Tmut       0%         3d3       100%        5
 Enfeeble                 Hex            0%         N/A       100%        7


Dungeon Overview and Level Annotations

Branches:
Dungeon (4/15)
 Temple: D:4-7

Altars:
Dithmenos

Shops:
D:3 *=(*

Annotations:
D:3 1 transporter, Locuples's ghost, amateur MiMo


Innate Abilities, Weirdness & Mutations

You are immune to sickness and miasma.
Your stone body is resilient. (AC +3)
You are immune to poison.
You resist negative energy. (rN+)
You are resistant to electric shocks. (rElec)
You are resistant to unholy torment.
You are immune to petrification.


Message History

You barely miss the orc. Something hits you but does no damage.
Deactivating autopickup; reactivate with Ctrl-A.
The orc hits you but does no damage. You block the orc's attack.
You thump the orc!
You kill the orc!
Something hits you but does no damage. The orc barely misses you.
The quokka bites you but does no damage.
The orc hits you but does no damage. The quokka bites you.
Things that are here:
a +0 dagger; a +0 ring mail You sock the orc!
You kill the orc!
The quokka barely misses you. Something hits you.
* * * LOW HITPOINT WARNING * * *
Something hits you but does no damage. You block the quokka's attack.
Things that are here:
a +0 club; an orc corpse You closely miss something.
Something hits you but does no damage. The quokka bites you.
* * * LOW HITPOINT WARNING * * *
Something hits you but does no damage.
You miss something. You block the quokka's attack.
Something hits you but does no damage.
The quokka bites you but does no damage.
You miss something. Something hits you but does no damage.
You block the quokka's attack.
You sock something! The quokka bites you.
* * * LOW HITPOINT WARNING * * *
Something hits you.
* * * LOW HITPOINT WARNING * * *
The quokka bites you but does no damage.
Something hits you but does no damage.
You barely miss something.
The quokka bites you but does no damage.
Something hits you.
* * * LOW HITPOINT WARNING * * *
You miss something.
The quokka bites you but does no damage.
Something hits you but does no damage. The quokka bites you.
You die...

....##.
.....#.
.......##
........#
........##
.........#
.......<)##
.......r{.#
........@.#
...........#
...........#
...........#
...........#
...........#
.........##
.........#


You could see a quokka.

Vanquished Creatures
  An adder (D:2)
  2 dart slugs
  3 orcs
  4 bats
  5 endoplasms
  2 giant cockroaches
  2 goblins (D:1)
  5 hobgoblins
  7 jackals
  7 quokkas
  4 ball pythons
  A frilled lizard (D:2)
  2 kobolds
  7 rats
52 creatures vanquished.

Notes
Turn   | Place    | Note
-------+----------+-------------------------------------------
     0 | D:1      | AdnanSaban the Gargoyle Fighter began the quest for the
                  | Orb.
     0 | D:1      | Reached XP level 1. HP: 14/14 MP: 1/1
   121 | D:1      | Reached XP level 2. HP: 19/19 MP: 2/2
   517 | D:1      | Reached XP level 3. HP: 23/23 MP: 3/3
  1525 | D:2      | Reached skill level 4 in Armour
  1525 | D:2      | Reached XP level 4. HP: 26/29 MP: 4/4
  1751 | D:3      | Found Utreje's Weapon Emporium.
  1752 | D:3      | Found Meuck's General Store.
  1821 | D:3      | Found a transporter.
  1822 | D:3      | Noticed a centaur
  1825 | D:3      | Noticed Locuples's ghost (amateur MiMo)
  1851 | D:3      | Found Rorigyaxt's Jewellery Shoppe.
  1890 | D:3      | Found a shadowy altar of Dithmenos.
  1924 | D:3      | Found Qad Vybu's Assorted Antiques.
  1975 | D:4      | Slain by a quokka

Illustrated notes

Levels and vault maps discovered:
D:1:      reono_arrival_mine, layout_basic, serial_glass, glass_columns_b,
          glass_columns_b, glass_columns_c, glass_columns_b, glass_columns_a,
          glass_columns_c
D:2:      layout_loops_cross
D:3:      layout_loops_cross, lemuel_doored_altar, gammafunk_ghost_arena,
          serial_shops, nicolae_shop_overgrown_old_shop, shop,
          nicolae_shop_advertising_works [nicolae_subvault_shop_adworks], shop,
          uniq_natasha
D:4:      cheibrodos_barr_body, layout_layer_cave, kennysheep_small_spiral

Skill      XL: |  1  2  3 |
---------------+----------+-----
Armour         | 4 |  4.0
Fighting       | |  3.7
Maces & Flails | |  2.9
Dodging        | |  0.3
Shields        | |  3.8

Action                     |  1- 3 |  4- 6 || total
---------------------------+-------+-------++-------
  Melee: Flail             |   152 |    50 ||   202
 Armour: Scale mail        |    90 |     7 ||    97
         Plate armour      |       |    58 ||    58
  Dodge: Dodged            |    79 |    20 ||    99
  Block: Buckler           |    41 |    16 ||    57

Table legend: (Time is in decaauts)
 A = Elapsed time spent in this place.
 B = Non-inter-level travel time spent in this place.
 C = Inter-level travel time spent in this place.
 D = Time resting spent in this place.
 E = Time spent auto-exploring this place.
 F = Levels seen in this place.
 G = Mean time per level.
                   A        B        C        D        E       F      G
               +--------+--------+--------+--------+--------+-----+--------+
         Total |   2037 |   1969 |     68 |      0 |   1508 |   4 |  509.2 |
       Dungeon |   2037 |   1969 |     68 |      0 |   1508 |   4 |  509.2 |
               +--------+--------+--------+--------+--------+-----+--------+

Top non-repeatable levels by time:
     D:1: 1046 daAuts
     D:2: 716 daAuts
     D:3: 260 daAuts
     D:4: 13 daAuts
